 Dungeon Crawl Stone Soup version 0.31-a0-1309-gbf3fed316f (webtiles) character file.

Game seed: 4508873644754163900

1498529 MacCMillion the Conqueror (level 27, 161/273 HPs)
             Began as a Minotaur Fighter on Dec 19, 2023.
             Was the Champion of Okawaru.
             Escaped with the Orb
             ... and 3 runes on Dec 20, 2023!
             The game lasted 02:52:16 (92304 turns).

MacCMillion the Conqueror (Minotaur Fighter)       Turns: 92304, Time: 02:52:17

Health: 161/273    AC: 48    Str: 36 (39) XL:     27
Magic:  31/31      EV: 19    Int:  6      God:    Okawaru [******]
Gold:   8525       SH: 20    Dex: 11 (12) Spells: 26/26 levels left

rFire   + + +        X - +8 broad axe (vamp)
rCold   + . .        c - +5 Storm Queen's Shield {shock, Fly rElec}
rNeg    + + .        k - +8 gold dragon scales
rPois   +            h - +2 hat
rElec   +            m - +2 cloak of the Gloaming {rN+ Will+ Int+3}
rCorr   .            N - +2 pair of gloves {Str+3}
SInv    .            V - +1 pair of boots
Will    +++++        q - amulet "Helup" {rF++ Regen+} Stlth
                     e - ring "Veoriem" {rN+ EV+5 Str+3}
HPRegen 1.45/turn    Q - ring of Midnight {rF+ Will+ Stlth+}
MPRegen 0.22/turn

%: no passive effects
@: flying
A: horns 2, retaliatory headbutt, hooves 1, dopey 1, strong-willed 1, subdued
magic 2, inability to read after injury 2, persistent drain
0: Orb of Zot
}: 3/15 runes: serpentine, barnacled, silver
a: Renounce Religion, Heroism, Finesse, Duel


You escaped.
You worshipped Okawaru.
Okawaru was exalted by your worship.
You visited 10 branches of the dungeon, and saw 48 of its levels.
You visited the Abyss 1 time.
You visited 1 bazaar.
You also visited: Gauntlet and Desolation.

You collected 10252 gold pieces.
You spent 1727 gold pieces at shops.

Inventory:

Hand Weapons
 G - a +8 antimagic broad axe
 X - a +8 vampiric broad axe (weapon)
Missiles
 n - 33 javelins
 w - 58 boomerangs
 B - 3 throwing nets
 S - 30 atropa-tipped darts
 T - 11 curare-tipped darts
 Z - 26 silver javelins (quivered)
Armour
 c - the +5 Storm Queen's Shield (worn) {shock, Fly rElec}
   (You found it on level 3 of the Depths)

   Shock:     When it blocks an attack, it may electrocute the attacker.
   This works even against foes who are a short distance away.
   rElec:     It insulates you from electricity.
   Fly:       It grants you flight.
 h - a +2 hat (worn)
 k - +8 gold dragon scales (worn)
 m - the +2 cloak of the Gloaming (worn) {rN+ Will+ Int+3}
   (You found it on level 5 of the Vaults)

   Int+3:     It affects your intelligence (+3).
   rN+:       It protects you from negative energy.
   Will+:     It increases your willpower.
 N - a +2 pair of gloves of strength (worn)
 V - a +1 pair of boots (worn)
Jewellery
 a - a ring of protection from fire
 b - a ring of willpower
 e - the ring "Veoriem" (left hand) {rN+ EV+5 Str+3}
   (You took it off a ragged hierophant in the Desolation of Salt)

   [ring of evasion]

   EV+5:      It affects your evasion (+5).
   Str+3:     It affects your strength (+3).
   rN+:       It protects you from negative energy.
 l - the ring of Noon {rF++ rC- rN+}
   (You found it on level 3 of the Depths)

   [ring of positive energy]

   rF++:      It greatly protects you from fire.
   rC-:       It makes you vulnerable to cold.
   rN+:       It protects you from negative energy.
 q - the amulet "Helup" (around neck) {rF++ Regen+}
   (You took it off a deep elf elementalist on level 3 of the Elven Halls)

   [amulet of regeneration]

   rF++:      It greatly protects you from fire.
   Regen+:    It increases your rate of health regeneration.
 z - a ring of see invisible
 H - the ring of Gaxeqor {rC+ rN+ Int-5 Dex+3}
   (You found it on level 3 of the Depths)

   [ring of protection from cold]

   Int-5:     It affects your intelligence (-5).
   Dex+3:     It affects your dexterity (+3).
   rC+:       It protects you from cold.
   rN+:       It protects you from negative energy.
 M - an amulet of reflection
 Q - the ring of Midnight (right hand) {rF+ Will+ Stlth+}
   (You took it off a ragged hierophant in the Desolation of Salt)

   [ring of protection from fire]

   rF+:       It protects you from fire.
   Will+:     It increases your willpower.
   Stlth+:    It makes you more stealthy.
 Y - the ring "Jinkim" {Str+6 Stlth+}
   (You took it off a yaktaur captain on level 2 of the Vaults)

   [ring of strength]

   Str+6:     It affects your strength (+6).
   Stlth+:    It makes you more stealthy.
Wands
 s - a wand of digging (10)
 C - a wand of paralysis (75)
 F - a wand of iceblast (61)
 J - a wand of acid (67)
Scrolls
 f - 4 scrolls of blinking
 g - 17 scrolls of teleportation
 j - 5 scrolls of torment
 o - 12 scrolls of vulnerability
 r - 5 scrolls of immolation
 u - 5 scrolls of fog
 v - 16 scrolls of fear
 y - 10 scrolls of revelation
 K - 6 scrolls of enchant armour
 R - 12 scrolls of poison
 U - 3 scrolls of silence
Potions
 d - 9 potions of haste
 i - 14 potions of heal wounds
 p - 5 potions of enlightenment
 t - 6 potions of ambrosia
 x - 8 potions of might
 A - 39 potions of curing
 E - 8 potions of berserk rage
 I - 5 potions of invisibility
 L - 3 potions of resistance
 O - 5 potions of brilliance
 P - 13 potions of attraction
 W - 5 potions of cancellation


   Skills:
 O Level 27 Fighting
 - Level 22.0 Axes
 - Level 22.0 Throwing
 O Level 27 Armour
 + Level 16.9 Dodging
 - Level 22.0 Shields
 - Level 12.0 Invocations


You had 26 spell levels left.
You didn't know any spells.
Your spell library contained the following spells:

 Spells                   Type           Power      Damage    Failure   Level
 Apportation              Tloc           0%         N/A       88%         1
 Kiss of Death            Conj/Necr      0%         2d5       88%         1
 Magic Dart               Conj           0%         1d3       88%         1
 Slow                     Hex            0%         N/A       88%         1
 Sting                    Tmut/Pois      0%         1d3       88%         1
 Blink                    Tloc           0%         N/A       96%         2
 Ensorcelled Hibernation  Hex/Ice        0%         N/A       96%         2
 Jinxbite                 Hex            0%         N/A       96%         2
 Lesser Beckoning         Tloc           0%         N/A       96%         2
 Momentum Strike          Conj/Tloc      0%         3d8       96%         2
 Passwall                 Tmut/Erth      0%         N/A       96%         2
 Poisonous Vapours        Pois/Air       0%         N/A       96%         2
 Scorch                   Fire           0%         2d5       96%         2
 Static Discharge         Conj/Air       0%         3-3/arc   96%         2
 Sublimation of Blood     Necr           0%         N/A       96%         2
 Wereblood                Tmut           0%         N/A       96%         2
 Confusing Touch          Hex            0%         N/A       99%         3
 Dazzling Flash           Conj/Hex       0%         N/A       99%         3
 Frozen Ramparts          Ice            0%         1d1       99%         3
 Gell's Gravitas          Tloc           0%         N/A       99%         3
 Inner Flame              Hex/Fire       0%         N/A       99%         3
 Mephitic Cloud           Conj/Pois/Air  0%         N/A       99%         3
 Sigil of Binding         Hex            0%         N/A       99%         3
 Stone Arrow              Conj/Erth      0%         3d7       99%         3
 Swiftness                Air            0%         N/A       99%         3
 Teleport Other           Tloc           0%         N/A       99%         3
 Vampiric Draining        Necr           0%         2d6       99%         3
 Volatile Blastmotes      Fire/Tloc      0%         2d10      99%         3
 Airstrike                Air            0%         2d(0-16)  100%        4
 Anguish                  Hex/Necr       0%         N/A       100%        4
 Brom's Barrelling Bould  Conj/Erth      0%         2d3       100%        4
 Cause Fear               Hex            0%         N/A       100%        4
 Dimensional Bullseye     Hex/Tloc       0%         N/A       100%        4
 Flame Wave               Conj/Fire      0%         2d4       100%        4
 Fulminant Prism          Conj/Hex       0%         3d5       100%        4
 Iskenderun's Mystic Bla  Conj/Tloc      0%         2d3       100%        4
 Manifold Assault         Tloc           0%         N/A       100%        4
 Olgreb's Toxic Radiance  Pois           0%         N/A       100%        4
 Passage of Golubria      Tloc           0%         N/A       100%        4
 Petrify                  Tmut/Erth      0%         N/A       100%        4
 Alistair's Intoxication  Tmut/Pois      0%         N/A       100%        5
 Borgnjor's Vile Clutch   Necr/Erth      0%         N/A       100%        5
 Fireball                 Conj/Fire      0%         3d3       100%        5
 Irradiate                Conj/Tmut      0%         3d11      100%        5
 Iskenderun's Battlesphe  Conj           0%         2d6       100%        5
 Lee's Rapid Deconstruct  Erth           0%         3d4*      100%        5
 Yara's Violent Unravell  Hex/Tmut       0%         3d3       100%        5
 Conjure Ball Lightning   Conj/Air       0%         3x3d6     100%        6
 Dispersal                Tloc           0%         N/A       100%        6
 Eringya's Noxious Bog    Tmut/Pois      0%         4d6       100%        6
 Starburst                Conj/Fire      0%         6d3       100%        6
 Orb of Destruction       Conj           0%         9d5       100%        7
 Ozocubu's Refrigeration  Ice            0%         4d7       100%        7
 Borgnjor's Revivificati  Necr           0%         N/A       100%        8
 Discord                  Hex            0%         N/A       100%        8
 Disjunction              Tloc           0%         N/A       100%        8
 Ignition                 Fire           0%         3d3       100%        8
 Lehudib's Crystal Spear  Conj/Erth      0%         10d2      100%        8
 Maxwell's Capacitive Co  Air            0%         ∞         100%        8
 Chain Lightning          Conj/Air       0%         N/A       100%        9
 Death's Door             Necr           0%         N/A       100%        9
 Fire Storm               Conj/Fire      0%         5d1       100%        9
 Shatter                  Erth           0%         3d5*      100%        9
 Call Imp                 Summ           Unusable   N/A       N/A         2
 Call Canine Familiar     Summ           Unusable   N/A       N/A         3
 Tukima's Dance           Hex            Unusable   N/A       N/A         3
 Animate Armour           Summ/Erth      Unusable   N/A       N/A         4
 Animate Dead             Necr           Unusable   N/A       N/A         4
 Summon Lightning Spire   Summ/Air       Unusable   N/A       N/A         4
 Summon Forest            Summ/Tloc      Unusable   N/A       N/A         5
 Death Channel            Necr           Unusable   N/A       N/A         6
 Summon Cactus Giant      Summ           Unusable   N/A       N/A         6
 Haunt                    Necr/Summ      Unusable   N/A       N/A         7
 Summon Hydra             Summ           Unusable   N/A       N/A         7
 Dragon's Call            Summ           Unusable   N/A       N/A         9

Dungeon Overview and Level Annotations

Branches:
Dungeon (15/15)            Temple (1/1) D:7            Lair (5/5) D:10
 Shoals (4/4) Lair:2        Snake (4/4) Lair:2        Slime (0/5) Lair:5
    Orc (2/2) D:11            Elf (3/3) Orc:2        Vaults (5/5) D:14
  Crypt (0/3) Vaults:2     Depths (4/4) D:15            Zot (5/5) Depths:4
Desolation (visited)      Gauntlet (visited)

Altars:
Ashenzari
Cheibriados
Dithmenos
Elyvilon
Fedhas
Gozag
Hepliaklqana
Kikubaaqudgha
Makhleb
Nemelex Xobeh
Okawaru
Qazlal
Ru
Sif Muna
Trog
Uskayaw
Vehumet
Wu Jian
Xom
Yredelemnul
Zin
The Shining One

Shops:
D:2 :   D:5 :   Orc:2 ?(**   Snake:2 *   Snake:3 [   Snake:4 [!:   Vaults:4 *
Depths:1 ?   Depths:2 *   Depths:4 =**=[

Portals:
Hell: Depths:1 Depths:2 Depths:3 Depths:4
Abyss: Depths:3 Depths:4
Pandemonium: Depths:2
Ziggurat: Depths:4
Trove: Vaults:4 (give 5 potions of resistance)

Annotations:
D:4 1 runed translucent door, HourglassMan's ghost, amateur VSBr
D:11 Gastronok
Temple 2 transporters
Elf:1 2 runed translucent doors, joopi's ghost, journeyman TeMo
Elf:2 3 runed translucent doors
Vaults:1 exclusion: door
Vaults:3 3 runed translucent doors, tish's ghost, adept HOFi
Depths:4 2 exclusions


Innate Abilities, Weirdness & Mutations

You have a pair of horns on your head.
You reflexively headbutt those who attack you in melee.
You have large cloven feet.
You are dopey. (Int -2)
You are strong-willed. (Will+)
Your spells are easier to cast, but less powerful.
You sometimes lose the ability to read scrolls when taking damage.
Your health recovers twice as slowly from being drained.


Message History

You hit the large abomination. You slash something!
Something hits you but does no damage.
The Tzitzimitl calls on the powers of darkness!
Your body is wracked with pain!
You block the large abomination's attack.
You hit the Tzitzimitl but do no damage.
You headbutt the Tzitzimitl, but do no damage.
The Tzitzimitl is severely wounded.
You slice the large abomination!! You closely miss something.
You chop the Tzitzimitl into pieces!!!
You kill the Tzitzimitl!
Okawaru accepts your kill.
You slice the large abomination like a ripe choko!!!
You destroy the large abomination!
Okawaru accepts your kill.
You slice something!! You block something's attack.
Your shield discharges, shocking something!
You miss something. You headbutt something. You block something's attack.
Your shield discharges, shocking something!
You hit something but do no damage. Your headbutt misses something.
You closely miss something. You block something's attack.
You barely miss something. You headbutt something!
Something hits you but does no damage.
You miss something. Your headbutt misses something.
Something barely misses you.
You hit something but do no damage. Your headbutt misses something.
You miss something. Your headbutt misses something.
Something hits you but does no damage.
You open something like a pillowcase!!! Okawaru accepts your kill.
Reactivating autopickup.
You feel a bit more experienced.
You are confused.
You feel invigorated.
You're too confused to move!
You feel less invigorated.
You feel less confused.
There is an open gate here.
There is a staircase leading out of the dungeon here.
You have escaped!

###....######........###.^####...
.###.....##..........# ##......#.
.....................#######..#..
.........)....#..................
...########..###.###.#........#..
.###....###..#8'''8#.............
.............#.###.#.(..........#
####....###.###...##.............
###### #..#..@..##.)..........
##.########.#...##..###
########.#...####.#...##..#
#..........#......#...###.#
#..........#..............#
#..........##.............#
#....................#....##
#..........#.......#..#....##
#..)..(............##...#....


There were no monsters in sight!

Vanquished Creatures
  3 dread liches (Zot:5)
  An ancient lich (Zot:5)
  11 orbs of fire
  A juggernaut (Depths:3)
  Mara (Vaults:3)
  Xtahua (Depths:4)
  Josephina (Depths:1)
  4 Killer Klowns
  Bai Suzhen (Depths:2)
  3 pandemonium lords
  Vashnia (Snake:2)
  A curse toe (Zot:2)
  12 golden dragons
  Nikola (Elf:1)
  A bone dragon (Zot:2)
  3 Tzitzimimeh
  3 electric golems
  Mlioglotl (Shoals:1)
  21 tentacled monstrosities
  3 liches
  26 Orb Guardians
  4 deep elf blademasters
  2 deep elf master archers (Elf:3)
  A walking earthen tome (Depths:3)
  4 sphinxes
  10 quicksilver dragons
  3 titans
  8 death cobs
  A walking divine tome (Depths:4)
  Frances (D:12)
  3 tentacled starspawn (Abyss:2)
  A kraken (Shoals:1)
  Kirke (D:14)
  9 tengu reavers
  15 shadow dragons
  Aizul (Snake:2)
  17 storm dragons
  Ilsuiw (Shoals:2)
  6 draconian monks
  4 protean progenitors
  18 nagarajas
  5 draconian shifters
  Roxanne (D:14)
  8 fire giants
  6 frost giants
  6 draconian knights
  10 deep elf sorcerers
  8 ghost moths
  3 iron dragons
  10 draconian scorchers
  7 deep elf elementalists (Elf:3)
  The ghost of Turbonekonecno the Unseen, an adept SpEn of Makhleb (Shoals:4)
  18 vault wardens
  An imperial myrmidon (Desolation)
  4 draconian stormcallers
  2 orc warlords
  21 ironbound preservers
  A demonspawn blood saint (Zot:5)
  A reaper (D:3)
  2 spriggan defenders (Depths:3)
  A balrug (Zot:5)
  A cacodemon (Depths:2)
  26 very ugly things
  The ghost of Bemy the Grappler, a journeyman TrFi of Gozag (Orc:1)
  4 formless jellyfish (Vaults:2)
  7 ironbound thunderhulks
  5 draconian annihilators
  13 black draconians
  12 stone giants
  3 vampire knights
  5 war gargoyles
  3 lorocyprocas
  12 yellow draconians
  10 green draconians
  11 red draconians
  14 deep elf annihilators
  7 deep elf demonologists
  3 deep elf death magi
  2 halazid warlocks (Desolation)
  A spark wasp (shapeshifter) (Zot:4)
  Azrael (D:13)
  10 purple draconians
  7 dire elephants (Vaults:2)
  A minotaur (Gauntlet)
  11 white draconians
  3 spark wasps (Depths:4)
  4 crystal guardians
  5 merfolk javelineers
  6 merfolk impalers
  12 ettins
  7 ragged hierophants (Desolation)
  An entropy weaver (Vaults:5)
  10 fire dragons
  4 servants of whispers (Desolation)
  5 great orbs of eyes
  15 deep elf high priests
  51 vault guards
  2 entropy weavers (shapeshifter) (Depths:3)
  12 ice dragons
  18 yaktaur captains
  7 hydras
  5 rakshasas
  A salamander tyrant (Snake:4)
  11 ironbound frosthearts
  3 ogre magi
  15 peacekeepers
  A death knight (D:14)
  12 anacondas
  3 merfolk avatars
  9 boulder beetles
  2 spriggan air magi
  16 centaur warriors
  A two-headed ogre (shapeshifter) (Depths:3)
  3 merfolk aquamancers
  4 satyrs
  6 tengu warriors
  2 alligator snapping turtles
  4 hell hogs (D:4)
  16 two-headed ogres
  15 dancing weapons
  A deep troll shaman (Depths:4)
  6 orc high priests
  5 deep troll earth magi
  A vampire mage (Depths:1)
  17 naga warriors
  An occultist (D:14)
  10 naga sharpshooters
  2 soul eaters
  16 deep elf knights
  4 spriggan berserkers
  2 sun demons
  2 spriggans (Depths:3)
  2 sixfirhies (Depths:2)
  4 iron trolls
  4 large abominations
  21 sea snakes
  A skyshark (shapeshifter) (Vaults:2)
  A shadow wraith (Vaults:5)
  A wretched star (Abyss:2)
  2 death drakes (Depths:4)
  18 hell knights
  A goliath frog (shapeshifter) (Vaults:5)
  2 skysharks
  A skeletal warrior (D:14)
  7 glowing orange brains
  4 flayed ghosts
  3 salamander mystics
  A swamp dragon (Zot:2)
  11 deep elf archers
  An orange crystal statue (Shoals:1)
  5 lindwurms
  42 deep trolls
  10 orc knights
  4 phantasmal warriors
  25 harpies
  20 ironbound convokers
  27 deep elf zephyrmancers
  6 arcanists
  Pikel (D:3)
  4 naga ritualists
  4 necromancers
  21 deep elf pyromancers
  11 salamanders
  4 orc sorcerers
  Maurice (D:8)
  16 fauns
  31 ugly things
  A wolf spider (D:13)
  10 mana vipers
  A cyclops (shapeshifter) (Vaults:5)
  2 toenail golems
  2 moths of wrath (shapeshifter)
  28 moths of wrath
  12 cyclopes
  18 manticores
  14 merfolk sirens
  11 guardian serpents
  31 black mambas
  A black mamba (shapeshifter) (Depths:3)
  2 elephants
  4 kobold blastminers
  A rust devil (Abyss:2)
  12 naga magi
  4 water nymphs
  3 smoke demons (Abyss:2)
  A torpor snail (Lair:5)
  15 cane toads
  15 vault sentinels
  A molten gargoyle (Desolation)
  3 gargoyles
  A titan simulacrum (Depths:2)
  Maggie (D:7)
  Jeremiah (D:8)
  An unseen horror (shapeshifter) (Vaults:5)
  22 yaktaurs
  2 hellions
  A rime drake (Lair:5)
  An ice devil (Depths:2)
  An efreet (D:14)
  10 komodo dragons
  A tormentor (D:1)
  4 freezing wraiths
  2 tengu conjurers
  A red devil (Depths:4)
  Psyche (D:9)
  16 trolls
  A merfolk (shapeshifter) (Depths:3)
  A troll (shapeshifter) (Depths:3)
  3 ancient zymes (Abyss:2)
  3 meliai (shapeshifter)
  4 hornets
  4 meliai
  A hornet (shapeshifter) (D:14)
  23 merfolk
  3 polar bears
  4 wind drakes
  48 saltlings (Desolation)
  32 blink frogs
  A glass eye (Depths:3)
  A glass eye (shapeshifter) (Vaults:5)
  3 dream sheep (Shoals:3)
  2 frost giant simulacra (Depths:2)
  An iron dragon simulacrum (Depths:2)
  34 slime creatures
  11 snapping turtles
  A jumping spider (Vaults:5)
  A culicivora (Vaults:5)
  2 spriggans (shapeshifter)
  9 flying skulls (Gauntlet)
  4 air elementals
  A shadow (D:12)
  3 vampires (Vaults:2)
  2 ynoxinuls
  5 wraiths
  15 water elementals
  33 yaks
  Grum (D:11)
  5 basilisks
  4 wyverns
  A redback (Vaults:5)
  10 fire elementals
  3 hogs (D:14)
  2 humans (D:13)
  5 wargs
  A redback (shapeshifter) (Depths:3)
  7 vampire mosquitoes
  A neqoxec (Depths:4)
  A chaos spawn (Abyss:2)
  38 nagas
  5 acid dragons
  13 water moccasins
  5 hell hounds
  A black bear (shapeshifter) (Depths:3)
  An ice beast (shapeshifter) (Depths:4)
  5 black bears
  Pargi (D:4)
  51 orc warriors
  A sky beast (D:6)
  An ice beast (D:7)
  A small abomination (Abyss:2)
  A tengu (shapeshifter) (Depths:3)
  15 ogres
  16 wolves
  An ogre (shapeshifter) (Depths:3)
  11 centaurs
  3 lemures
  2 phantoms
  A kobold brigand (D:10)
  2 gnoll sergeants
  14 bullfrogs
  2 scorpions
  An earth elemental (Elf:3)
  A glowing shapeshifter simulacrum (Depths:2)
  8 wights
  18 killer bees
  2 howler monkeys
  6 electric eels
  A lava snake (D:12)
  A jelly (shapeshifter) (Depths:3)
  33 orc priests
  3 hounds
  A jelly (D:6)
  12 starcursed masses (Abyss:2)
  A gnoll bouda (D:5)
  3 iguanas
  A sleepcap (D:4)
  19 orc wizards
  21 gnolls
  9 adders
  3 white imps
  A worm (D:14)
  2 dart slugs (D:2)
  85 orcs
  7 endoplasms
  3 giant cockroaches
  4 goblins
  5 hobgoblins
  2 jackals (D:2)
  6 kobolds
  A quokka (D:1)
  3 ball pythons
  6 bats
  4 frilled lizards
  5 rats
  An aspiring flesh (Depths:4)
  A ball lightning (D:4)
  A lurking horror (Abyss:2)
  A spectral weapon (Depths:2)
  A starspawn tentacle (Abyss:2)
  A tentacle (Shoals:1)
2201 creatures vanquished.

Vanquished Creatures (others)
  A draconian monk (Zot:3)
  A fire giant (Zot:4)
  A merfolk aquamancer (Shoals:4)
  A deep elf knight (Elf:3)
  A deep elf pyromancer (Elf:3)
  An acid dragon (Zot:2)
  A boggart simulacrum (D:14)
  An orc (D:12)
  11 ball lightnings (D:4)
  6 starspawn tentacles (Abyss:2)
  3 tentacles (Shoals:1)
28 creatures vanquished.

Grand Total: 2229 creatures vanquished

Notes
Turn   | Place    | Note
-------+----------+-------------------------------------------
     0 | D:1      | MacCMillion the Minotaur Fighter began the quest for the
                  | Orb.
     0 | D:1      | Reached XP level 1. HP: 19/19 MP: 0/0
   297 | D:1      | Reached XP level 2. HP: 22/26 MP: 1/1
   827 | D:1      | Reached XP level 3. HP: 16/31 MP: 2/2
  1144 | D:2      | Reached skill level 5 in Axes
  1144 | D:2      | Reached XP level 4. HP: 38/39 MP: 3/3
  1417 | D:2      | Found a faded altar of an unknown god.
  1508 | D:2      | Found Vuciocun's Book Boutique.
  1714 | D:2      | Reached XP level 5. HP: 39/45 MP: 4/4
  1958 | D:3      | Identified the +1 hand axe of Eminent Domain {holy, Str+5}
  2329 | D:3      | Found a blossoming altar of Fedhas.
  2332 | D:3      | Found a shadowy altar of Dithmenos.
  2335 | D:3      | Found a burning altar of Makhleb.
  3142 | D:4      | Reached XP level 6. HP: 42/51 MP: 5/5
  3420 | D:4      | Noticed HourglassMan's ghost (amateur VSBr)
  3423 | D:4      | Found a runed translucent door.
  3499 | D:4      | Noticed Pargi
  3547 | D:4      | Killed Pargi
  3671 | D:4      | Noticed Pikel
  3819 | D:3      | Killed Pikel
  3820 | D:3      | Reached skill level 10 in Axes
  3820 | D:3      | Reached skill level 1 in Dodging
  3820 | D:3      | Reached XP level 7. HP: 11/59 MP: 6/6
  4355 | D:5      | Entered Level 5 of the Dungeon
  4469 | D:5      | Reached XP level 8. HP: 66/67 MP: 7/7
  4642 | D:5      | Reached skill level 5 in Fighting
  4642 | D:5      | Reached skill level 5 in Armour
  5083 | D:5      | Found Desatoo's Book Shop.
  5182 | D:5      | Found a shimmering altar of Xom.
  6245 | D:6      | Reached XP level 9. HP: 67/78 MP: 8/8
  6865 | D:7      | Noticed Maggie
  7279 | D:8      | Noticed Jeremiah
  7305 | D:8      | Found a faded altar of an unknown god.
  7306 | D:8      | Found a hazy altar of Hepliaklqana.
  7306 | D:8      | Found a faded altar of an unknown god.
  7891 | D:7      | Found a staircase to the Ecumenical Temple.
  7950 | D:7      | Killed Maggie
  8250 | Temple   | Found a transporter.
  8250 | Temple   | Found a transporter.
  8250 | Temple   | Found a transporter.
  8250 | Temple   | Found a transporter.
  8250 | Temple   | Entered the Ecumenical Temple
  8272 | Temple   | Became a worshipper of Warmaster Okawaru
  8697 | D:8      | Noticed Maurice
  8830 | D:8      | Something stole a ring of willpower
  8831 | D:8      | Something stole 4 throwing nets
  8834 | D:8      | Something stole the +1 hand axe of Eminent Domain {holy,
                  | Str+5}
  8841 | D:8      | Killed Maurice
  8841 | D:8      | Reached * piety under Okawaru
  9205 | D:8      | Reached XP level 10. HP: 91/91 MP: 9/9
  9553 | D:9      | Noticed Psyche
  9578 | D:9      | Killed Psyche
 10292 | D:9      | Reached ** piety under Okawaru
 10539 | D:9      | Identified the +1 short sword of the Soft God {flame,
                  | ^Contam rPois Int+3}
 10638 | D:10     | Entered Level 10 of the Dungeon
 10824 | D:10     | Reached skill level 1 in Invocations
 11095 | D:10     | Reached skill level 10 in Fighting
 11104 | D:10     | Reached skill level 10 in Armour
 11519 | D:10     | Found a staircase to the Lair.
 11519 | D:10     | Noticed an elephant
 11544 | D:9      | Reached *** piety under Okawaru
 11641 | D:10     | Killed an elephant
 12315 | D:11     | Noticed Grum
 12399 | D:11     | Killed Grum
 12409 | D:11     | Noticed a gargoyle
 12631 | D:11     | Killed a gargoyle
 12631 | D:11     | Reached **** piety under Okawaru
 12632 | D:11     | Reached XP level 11. HP: 30/99 MP: 13/13
 12966 | D:11     | Reached skill level 5 in Invocations
 13383 | D:11     | Found a staircase to the Orcish Mines.
 13525 | D:11     | Reached skill level 15 in Axes
 13617 | D:11     | Reached ***** piety under Okawaru
 13680 | D:11     | Noticed Gastronok
 14749 | Lair:1   | Entered Level 1 of the Lair of Beasts
 14831 | D:10     | HP: 7/148 [poisoned by a cane toad]
 15720 | Lair:1   | Received a gift from Okawaru
 16550 | Lair:1   | Reached XP level 12. HP: 100/107 MP: 17/17
 17310 | Lair:2   | Found a staircase to the Shoals.
 18069 | Lair:2   | Identified the +6 long sword of Kismet {heavy, rC- Will++
                  | Str+2}
 18406 | Lair:2   | Found a staircase to the Snake Pit.
 18860 | Lair:3   | Found a gate leading to a gauntlet.
 18873 | Gauntlet | Entered a Gauntlet
 18873 | Gauntlet | Found a transporter.
 18873 | Gauntlet | Found a transporter.
 18873 | Gauntlet | Found a transporter.
 18889 | Gauntlet | Found a transporter.
 18889 | Gauntlet | Found a transporter.
 18900 | Gauntlet | Found a transporter.
 18921 | Gauntlet | Found a transporter.
 18943 | Gauntlet | Found a transporter.
 18962 | Gauntlet | Found a transporter.
 18970 | Gauntlet | Found a transporter.
 18988 | Gauntlet | Found a transporter.
 19045 | Gauntlet | Found a transporter.
 19134 | Gauntlet | Received a gift from Okawaru
 19473 | Gauntlet | Identified the staff of Discomfort {*Corrode Int+2 Dex+2
                  | Conj Necro}
 19473 | Gauntlet | Noticed a minotaur
 19484 | Gauntlet | Killed a minotaur
 20521 | Lair:4   | Received a gift from Okawaru
 20802 | Lair:4   | Reached XP level 13. HP: 120/123 MP: 18/18
 21568 | Lair:5   | Entered Level 5 of the Lair of Beasts
 21598 | Lair:5   | Received a gift from Okawaru
 22170 | Lair:5   | Reached skill level 1 in Throwing
 22265 | Lair:5   | Reached skill level 15 in Fighting
 22266 | Lair:5   | Reached skill level 15 in Armour
 22422 | Lair:5   | Found a staircase to the Slime Pits.
 22621 | Lair:5   | Received a gift from Okawaru
 22638 | Lair:5   | Reached skill level 5 in Throwing
 23948 | Orc:1    | Entered Level 1 of the Orcish Mines
 24521 | Orc:1    | Found a transporter.
 24532 | Orc:1    | Noticed Bemy's ghost (journeyman TrFi)
 24533 | Orc:1    | Identified the +10 great mace "Kocwed" {heavy, rC+}
 25015 | Orc:2    | Entered Level 2 of the Orcish Mines
 25038 | Orc:2    | Reached XP level 14. HP: 108/135 MP: 19/19
 26005 | Orc:2    | Found Josto's Magic Scroll Boutique.
 26048 | Orc:2    | Bought a scroll of blinking for 105 gold pieces
 26050 | Orc:2    | Bought a scroll of identify for 28 gold pieces
 26050 | Orc:2    | Bought a scroll of identify for 28 gold pieces
 26050 | Orc:2    | Bought a scroll of identify for 28 gold pieces
 26060 | Orc:2    | Found Halyc's Antique Weapon Shop.
 26075 | Orc:2    | Reached ****** piety under Okawaru
 26555 | Orc:2    | Found a staircase to the Elven Halls.
 26728 | Orc:2    | Got Imot's Elucidation of Gaseous Hoarfrost
 26911 | Orc:2    | Received a gift from Okawaru
 27571 | Orc:2    | Noticed an orc warlord
 27619 | Orc:2    | Killed an orc warlord
 27956 | Orc:2    | Found Ismur's Assorted Antiques.
 28021 | Orc:2    | Found Ecer's Assorted Antiques.
 28044 | Orc:2    | HP: 2/135 [sixfirhy[an orc high priest] (11)]
 28425 | Orc:2    | Bought a scroll of identify for 56 gold pieces
 28480 | Orc:2    | Acquired a +3 vampiric broad axe
 28480 | Orc:2    | Received a gift from Okawaru
 28589 | Orc:2    | Received a gift from Okawaru
 28979 | Orc:1    | Found a transporter.
 29027 | Orc:1    | Killed Bemy's ghost
 29548 | D:12     | Noticed Frances
 29561 | D:12     | Killed Frances
 30705 | D:13     | Received a gift from Okawaru
 30999 | D:13     | Reached XP level 15. HP: 134/134 MP: 21/21
 31140 | D:13     | Noticed Azrael
 31152 | D:13     | Killed Azrael
 31153 | D:13     | Reached skill level 10 in Invocations
 31161 | D:13     | Acquired the +13 plate armour "Mucipn" {rC+ Int+2}
 31161 | D:13     | Received a gift from Okawaru
 31712 | D:13     | Received a gift from Okawaru
 31993 | D:13     | Reached skill level 10 in Throwing
 32005 | Abyss:2  | Cast into level 2 of the Abyss (an occultist)
 32082 | Abyss:2  | Noticed a tentacled starspawn
 32088 | Abyss:2  | Killed a tentacled starspawn
 32111 | Abyss:2  | Noticed a tentacled starspawn
 32124 | Abyss:2  | Killed a tentacled starspawn
 32162 | Abyss:2  | HP: 2/146 [starcursed mass/accursed screaming (8)]
 32192 | Abyss:2  | Received a gift from Okawaru
 32429 | Abyss:2  | Noticed a tentacled starspawn
 32438 | Abyss:2  | Killed a tentacled starspawn
 32448 | D:14     | Escaped the Abyss
 32465 | D:13     | Received a gift from Okawaru
 32746 | D:14     | Noticed Kirke
 32759 | D:14     | Killed Kirke
 33346 | D:14     | Received a gift from Okawaru
 33574 | D:14     | Identified the +5 whip of Mewkud {pain, Dex+2}
 34240 | D:14     | Found a snail-covered altar of Cheibriados.
 34321 | D:14     | Noticed Roxanne
 34340 | D:14     | Killed Roxanne
 34538 | D:14     | Found a gate to the Vaults.
 34547 | D:14     | Reached XP level 16. HP: 157/157 MP: 22/22
 34601 | D:14     | Received a gift from Okawaru
 35121 | D:15     | Entered Level 15 of the Dungeon
 35291 | D:15     | Found an iron altar of Okawaru.
 35660 | D:15     | Reached skill level 5 in Shields
 35673 | D:15     | Received a gift from Okawaru
 35776 | D:15     | Found a staircase to the Depths.
 37385 | Shoals:1 | Entered Level 1 of the Shoals
 37850 | Shoals:1 | Noticed a kraken
 37870 | Shoals:1 | Killed a kraken
 37957 | Shoals:1 | Noticed Mlioglotl
 37981 | Shoals:1 | Killed Mlioglotl
 39144 | Shoals:2 | Received a gift from Okawaru
 39166 | Shoals:2 | Reached skill level 10 in Shields
 39499 | Shoals:2 | Noticed Ilsuiw
 39519 | Shoals:2 | Killed Ilsuiw
 40488 | Shoals:3 | Reached XP level 17. HP: 166/166 MP: 23/23
 40703 | Shoals:3 | Received a gift from Okawaru
 41422 | Shoals:4 | Entered Level 4 of the Shoals
 41532 | Shoals:4 | Identified the staff of Ru {rF+ Dex-4 Conj Poison}
 41739 | Shoals:4 | Received a gift from Okawaru
 41760 | Shoals:4 | Reached skill level 15 in Shields
 41975 | Shoals:4 | Identified the +4 robe of Lebrugok {Will- Slay+3 Archmagi}
 41994 | Shoals:4 | Identified the amulet "Geps" {Faith rC+ Int+3}
 42575 | Shoals:4 | Found a runed translucent door.
 42577 | Shoals:4 | Found a shimmering altar of Xom.
 42577 | Shoals:4 | Noticed Turbonekonecno's ghost (adept SpEn)
 43094 | Shoals:4 | Received a gift from Okawaru
 43175 | Shoals:4 | Got a barnacled rune of Zot
 43368 | Shoals:4 | Killed Turbonekonecno's ghost
 43586 | Shoals:4 | Found a shimmering altar of Xom.
 44208 | Snake:1  | Entered Level 1 of the Snake Pit
 45534 | Snake:1  | Received a gift from Okawaru
 46904 | Snake:2  | Noticed Vashnia
 46943 | Snake:2  | Killed Vashnia
 46944 | Snake:2  | Reached XP level 18. HP: 174/178 MP: 19/24
 47020 | Snake:2  | Identified the serpent talisman of Beogh's Grace {rElec
                  | Str-2 Int+3 Stlth+}
 47020 | Snake:2  | Noticed Aizul
 47042 | Snake:2  | Killed Aizul
 47042 | Snake:2  | Received a gift from Okawaru
 47621 | Snake:2  | Found Riges's Assorted Antiques.
 47624 | Snake:2  | Bought a pair of polished gloves for 323 gold pieces
 47624 | Snake:2  | Identified the +0 pair of gloves "Jessusmo" {^Contam rCorr
                  | Dex+9} (You bought it in a shop on level 2 of the Snake
                  | Pit)
 47624 | Snake:2  | Reached XP level 19. HP: 187/187 MP: 25/25
 47861 | Snake:2  | Found the +3 Mad Mage's Maulers {Infuse+∞ VampMP -Cast}
 48446 | Snake:3  | Received a gift from Okawaru
 48485 | Snake:3  | Found Sitrifak's Antique Armour Shoppe.
 49639 | Snake:4  | Entered Level 4 of the Snake Pit
 49662 | Snake:4  | Found a flickering gateway to a bazaar.
 49800 | Bazaar   | Entered a bazaar
 49800 | Bazaar   | Found Hiklau Watz's Antique Weapon Shop.
 49800 | Bazaar   | Found Tibraryed's Antique Armour Shoppe.
 49800 | Bazaar   | Found Qiupnu's Distillery.
 49802 | Bazaar   | Found Wicody's Book Shoppe.
 49802 | Bazaar   | Found Vonlamp's General Store.
 49833 | Bazaar   | Bought 2 potions of haste for 180 gold pieces
 49833 | Bazaar   | Bought a potion of haste for 90 gold pieces
 49842 | Bazaar   | Bought a +2 hat for 176 gold pieces
 51761 | Snake:4  | Found Xoreli's Armour Shop.
 52285 | Snake:4  | Found Nitwa's Book Boutique.
 52321 | Snake:4  | Found Geazuor's Distillery.
 52325 | Snake:4  | Bought a potion of enlightenment for 80 gold pieces
 52325 | Snake:4  | Bought a potion of might for 64 gold pieces
 52325 | Snake:4  | Bought a potion of might for 64 gold pieces
 52325 | Snake:4  | Bought a potion of heal wounds for 80 gold pieces
 52580 | Snake:4  | Bought a potion of cancellation for 128 gold pieces
 53060 | Snake:4  | Received a gift from Okawaru
 54752 | Snake:4  | Received a gift from Okawaru
 56265 | Snake:4  | Got a serpentine rune of Zot
 56552 | Vaults:1 | Entered Level 1 of the Vaults
 57241 | Vaults:1 | Received a gift from Okawaru
 57247 | Vaults:1 | Reached XP level 20. HP: 202/202 MP: 3/26
 59818 | Vaults:2 | Received a gift from Okawaru
 60106 | Vaults:2 | Found a crumbling gateway.
 60119 | Desolati | Entered the Desolation of Salt
 60589 | Desolati | Received a gift from Okawaru
 60840 | Desolati | Identified the ring "Veoriem" {rN+ EV+5 Str+3}
 60840 | Desolati | Identified the ring of Midnight {rF+ Will+ Stlth+}
 61043 | Desolati | Identified the +0 troll leather armour of Ajuuk {rN+ Regen+
                  | Dex+6}
 61376 | Desolati | Identified the amulet "Lekoh" {Acrobat *Corrode rN+ Will+
                  | Str+3}
 62014 | Desolati | Got the Reference Book on Nightshade
 62033 | Desolati | Found the +7 great mace "Firestarter" {flame, immolate,
                  | rFlCloud rF++}
 62038 | Desolati | Identified the ring "Vifouseo" {rN+ Int+6}
 62042 | Desolati | Identified the +1 cloak of the Shining Light {Int+4}
 62047 | Desolati | Got the Atlas of Conflict
 62518 | Vaults:2 | Received a gift from Okawaru
 62837 | Vaults:2 | Identified the ring "Jinkim" {Str+6 Stlth+}
 63130 | Vaults:2 | Paralysed by a formless jellyfish for 1 turns
 63133 | Vaults:2 | Reached skill level 15 in Throwing
 63140 | Vaults:2 | Reached XP level 21. HP: 201/211 MP: 1/27
 64102 | Vaults:2 | Received a gift from Okawaru
 64238 | Vaults:2 | Found a staircase to the Crypt.
 64541 | Vaults:2 | Paralysed by a formless jellyfish for 1 turns
 65063 | Vaults:3 | Found a runed translucent gate.
 65063 | Vaults:3 | Found a runed translucent gate.
 65063 | Vaults:3 | Found a runed translucent gate.
 65064 | Vaults:3 | Noticed tish's ghost (adept HOFi)
 66285 | Vaults:3 | Received a gift from Okawaru
 67168 | Vaults:3 | Noticed Mara
 67170 | Vaults:3 | Noticed MacCMillion's illusion
 67184 | Vaults:3 | Killed Mara
 68110 | Vaults:3 | Identified the +2 battleaxe of Res Judicata {distort, rF+}
 68113 | Vaults:3 | Found an iron altar of Okawaru.
 68281 | Vaults:4 | Received a gift from Okawaru
 68492 | Vaults:4 | Identified the +0 ring mail "Syntecvo" {rPois}
 68661 | Vaults:4 | Received a gift from Okawaru
 68746 | Vaults:4 | Found a portal to a secret trove of treasure.
 68786 | Vaults:4 | Found Fytzuk's General Store.
 68796 | Vaults:4 | Bought a scroll of teleportation for 42 gold pieces
 69448 | Elf:1    | Entered Level 1 of the Elven Halls
 69475 | Elf:1    | Found a huge runed translucent gate.
 69476 | Elf:1    | Found a huge runed translucent gate.
 69477 | Elf:1    | Found a huge runed translucent gate.
 69484 | Elf:1    | Found a huge runed translucent gate.
 69623 | Elf:1    | Found a huge runed translucent gate.
 69623 | Elf:1    | Found a huge runed translucent gate.
 69623 | Elf:1    | Found a huge runed translucent gate.
 69624 | Elf:1    | Found a huge runed translucent gate.
 69624 | Elf:1    | Found a huge runed translucent gate.
 69624 | Elf:1    | Found a huge runed translucent gate.
 69624 | Elf:1    | Found a huge runed translucent gate.
 69626 | Elf:1    | Found a huge runed translucent gate.
 69626 | Elf:1    | Found a huge runed translucent gate.
 69626 | Elf:1    | Found a huge runed translucent gate.
 69626 | Elf:1    | Found a huge runed translucent gate.
 69626 | Elf:1    | Found a huge runed translucent gate.
 69626 | Elf:1    | Found a huge runed translucent gate.
 69626 | Elf:1    | Found a huge runed translucent gate.
 69626 | Elf:1    | Found a huge runed translucent gate.
 69626 | Elf:1    | Found a huge runed translucent gate.
 69759 | Elf:1    | Noticed Nikola
 69769 | Elf:1    | Killed Nikola
 69903 | Elf:1    | Paralysed by an air elemental for 1 turns
 70131 | Elf:1    | Found a large runed translucent door.
 70131 | Elf:1    | Found a large runed translucent door.
 70131 | Elf:1    | Noticed joopi's ghost (journeyman TeMo)
 70213 | Elf:1    | Identified the +4 ring mail of Monotheism {Will++}
 70323 | Elf:1    | Received a gift from Okawaru
 70746 | Elf:1    | Reached XP level 22. HP: 220/220 MP: 30/30
 71117 | Elf:2    | Found a runed translucent gate.
 71117 | Elf:2    | Found a runed translucent gate.
 71120 | Elf:2    | Found a runed translucent gate.
 71181 | Elf:2    | Identified the ring "Qiadiqef" {EV+5 Int+3}
 71299 | Elf:2    | Paralysed by an air elemental for 1 turns
 71550 | Elf:3    | Entered Level 3 of the Elven Halls
 72011 | Elf:3    | Paralysed by an air elemental for 1 turns
 72015 | Elf:3    | Received a gift from Okawaru
 73090 | Elf:3    | Identified the +7 dagger "Etacuucs" {freeze, rF- Will+
                  | Str+6 Int+3}
 73747 | Elf:3    | Identified the amulet "Helup" {rF++ Regen+}
 74025 | Elf:3    | Received a gift from Okawaru
 74123 | Elf:3    | Identified the ring of Reimbursement {rC+ rN+ Will++ Str+2
                  | Int-5}
 74307 | Elf:3    | Identified the amulet of Bizy {Regen+ Dex+7 Slay+2}
 74553 | Elf:3    | Identified the -2 pair of gloves of the Playwright {Harm
                  | rC+ Int-4}
 74586 | Elf:3    | Got Asmodeus's Guidebook on Immolation and the Gathering
 74820 | Depths:1 | Entered Level 1 of the Depths
 75031 | Depths:1 | Found Qikh's Magic Scroll Shoppe.
 75035 | Depths:1 | Bought a scroll of enchant weapon for 105 gold pieces
 75093 | Depths:1 | Found a gateway to Hell.
 75170 | Depths:1 | Found a radiant altar of Vehumet.
 75591 | Depths:1 | Received a gift from Okawaru
 75705 | Depths:2 | Noticed Bai Suzhen
 75725 | Depths:2 | Identified the ring "Selol" {Ice Will+}
 75725 | Depths:2 | Noticed Josephina
 75732 | Depths:2 | Killed Bai Suzhen
 75737 | Depths:1 | Reached XP level 23. HP: 172/226 MP: 26/31
 75991 | Depths:1 | Killed Josephina
 76031 | Depths:2 | Found Racuasku's Assorted Antiques.
 76968 | Depths:2 | Identified the +1 leather armour of Lidakoup {rN+}
 77322 | Depths:2 | Found a one-way gate leading to the halls of Pandemonium.
 77357 | Depths:2 | Received a gift from Okawaru
 77678 | Depths:3 | Found the +5 Storm Queen's Shield {shock, Fly rElec}
 77937 | Depths:3 | Found a one-way gate to the infinite horrors of the Abyss.
 77954 | Depths:3 | Received a gift from Okawaru
 78097 | Depths:3 | Identified the ring of Noon {rF++ rC- rN+}
 78100 | Depths:3 | Identified the +4 long sword of Wiaddalou {venom, rElec rF+
                  | Dex-5}
 78104 | Depths:3 | Identified the ring of Gaxeqor {rC+ rN+ Int-5 Dex+3}
 78244 | Depths:3 | Identified the +1 great sword "Vacwamad" {pain, rN+ SInv
                  | Stlth+}
 78328 | Depths:3 | Identified the ring "Acaf" {Fire Str-5 Dex+4 Stlth+}
 78339 | Depths:3 | Noticed a juggernaut
 78354 | Depths:3 | Killed a juggernaut
 78621 | Depths:4 | Entered Level 4 of the Depths
 78744 | Depths:4 | Found Picvuf's Antique Armour Shoppe.
 78779 | Depths:4 | Received a gift from Okawaru
 79250 | Depths:4 | Found a gate to the Realm of Zot.
 79384 | Depths:4 | Found a one-way gateway to a ziggurat.
 79678 | Depths:4 | Noticed Xtahua
 79698 | Depths:4 | Killed Xtahua
 80080 | Depths:4 | Found Kiraq's Jewellery Shop.
 80087 | Depths:4 | Upgraded the game from 0.31-a0-1301-g7e11add784 to
                  | 0.31-a0-1309-gbf3fed316f
 80110 | Depths:4 | Found Jiepiq's Jewellery Boutique.
 80165 | Depths:4 | Received a gift from Okawaru
 80166 | Depths:4 | Reached XP level 24. HP: 235/235 MP: 31/31
 80182 | Depths:4 | Found Pozuag's Assorted Antiques.
 80188 | Depths:4 | Bought a scroll of enchant weapon for 150 gold pieces
 80379 | Depths:4 | Found Qeuph's Assorted Antiques.
 80747 | Vaults:5 | Entered Level 5 of the Vaults
 80838 | Vaults:5 | Received a gift from Okawaru
 81091 | Vaults:5 | Identified the quicksilver dragon scales "Fiqorph" {rF+
                  | Will+}
 81097 | Vaults:5 | Found the +2 pair of slick slippers {slick, slippery, EV+4}
 81117 | Vaults:5 | Received a gift from Okawaru
 81226 | Vaults:5 | Identified the +2 cloak of the Gloaming {rN+ Will+ Int+3}
 81282 | Vaults:5 | Reached skill level 5 in Dodging
 81640 | Vaults:5 | Identified the +3 leather armour of Saudgh {+Inv rElec
                  | rF+++ Int-3}
 81652 | Vaults:5 | Got a silver rune of Zot
 81705 | Vaults:5 | Identified the +4 orcbow of Zyishroph {freeze, rF+}
 81716 | Vaults:5 | Identified the +8 falchion "Himuil" {pain, rPois}
 81948 | Vaults:5 | Received a gift from Okawaru
 82073 | Vaults:5 | Identified the +10 short sword of Dullness {flame, Will+}
 83667 | Zot:1    | Entered Level 1 of the Realm of Zot
 83680 | Zot:1    | Reached skill level 10 in Dodging
 84127 | Zot:1    | Received a gift from Okawaru
 84128 | Zot:1    | Reached XP level 25. HP: 238/243 MP: 14/31
 85866 | Zot:2    | Noticed a Killer Klown
 85881 | Zot:2    | Killed a Killer Klown
 86023 | Zot:2    | Received a gift from Okawaru
 86596 | Zot:2    | Identified the staff of Fedhas's Anger {rPois rF++ Poison}
 87292 | Zot:3    | Received a gift from Okawaru
 87490 | Zot:3    | Noticed an orb of fire
 87503 | Zot:3    | Gained mutation: You have large cloven feet. [an orb of
                  | fire]
 87504 | Zot:3    | Killed an orb of fire
 88644 | Zot:4    | Received a gift from Okawaru
 89043 | Zot:4    | Identified the +3 cloak of Tupupuub {rCorr Int+3 Dex+3}
 89130 | Zot:4    | Reached XP level 26. HP: 237/258 MP: 19/31
 89754 | Zot:4    | Identified the +2 robe "Buv Loag" {^Drain rCorr Archmagi}
 89762 | Zot:4    | Received a gift from Okawaru
 90212 | Zot:5    | Entered Level 5 of the Realm of Zot
 90684 | Zot:5    | Noticed an orb of fire
 90687 | Zot:5    | Noticed a dread lich
 90691 | Zot:5    | Noticed an orb of fire
 90692 | Zot:5    | Gained mutation: Your spells are a little easier to cast,
                  | but a little less powerful. [an orb of fire]
 90698 | Zot:5    | Gained mutation: Your health recovers twice as slowly from
                  | being drained. [an orb of fire]
 90701 | Zot:5    | Gained mutation: You occasionally lose the ability to read
                  | scrolls when taking damage. [an orb of fire]
 90705 | Zot:5    | Killed a dread lich
 90712 | Zot:5    | Killed an orb of fire
 90719 | Zot:5    | Killed an orb of fire
 90732 | Zot:5    | Noticed an orb of fire
 90753 | Zot:5    | Noticed an orb of fire
 90759 | Zot:5    | Killed an orb of fire
 90775 | Zot:5    | Killed an orb of fire
 90775 | Zot:5    | Received a gift from Okawaru
 90779 | Zot:5    | Noticed an orb of fire
 90780 | Zot:5    | Noticed an orb of fire
 90780 | Zot:5    | Gained mutation: Your spells are easier to cast, but less
                  | powerful. [an orb of fire]
 90785 | Zot:5    | Gained mutation: Your magical capacity is low. (-10% MP)
                  | [an orb of fire]
 90794 | Zot:5    | Gained mutation: You are weak. (Str -2) [an orb of fire]
 90797 | Zot:5    | Killed an orb of fire
 90797 | Zot:5    | Gained mutation: You have hidden genetic defects. [an orb
                  | of fire]
 90813 | Zot:5    | Killed an orb of fire
 90927 | Zot:5    | Got the Excursus on Destruction and the Iceberg
 91071 | Zot:5    | Noticed an orb of fire
 91078 | Zot:5    | Noticed an orb of fire
 91078 | Zot:5    | Gained mutation: You occasionally shout uncontrollably at
                  | your foes. [an orb of fire]
 91094 | Zot:5    | Killed an orb of fire
 91094 | Zot:5    | Received a gift from Okawaru
 91095 | Zot:5    | Reached skill level 15 in Dodging
 91101 | Zot:5    | Killed an orb of fire
 91129 | Zot:5    | Gained mutation: You sometimes lose your temper in combat.
                  | [hidden defects]
 91139 | Zot:5    | Gained mutation: You have a somewhat thin skeletal
                  | structure. (Dex +2, Stealth+) [mutagenic glow]
 91143 | Zot:5    | Noticed an orb of fire
 91143 | Zot:5    | Noticed a dread lich
 91146 | Zot:5    | Noticed a dread lich
 91153 | Zot:5    | Gained mutation: You are dopey. (Int -2) [mutagenic glow]
 91157 | Zot:5    | Gained mutation: You do not regenerate when monsters are
                  | visible. [an orb of fire]
 91167 | Zot:5    | Noticed an ancient lich
 91175 | Zot:5    | Noticed an orb of fire
 91176 | Zot:5    | Killed a dread lich
 91177 | Zot:5    | Killed a dread lich
 91178 | Zot:5    | Gained mutation: Your magical capacity is very low. (-20%
                  | MP) [mutagenic glow]
 91181 | Zot:5    | Killed an orb of fire
 91203 | Zot:5    | Killed an ancient lich
 91206 | Zot:5    | Killed an orb of fire
 91206 | Zot:5    | Received a gift from Okawaru
 91233 | Zot:5    | Reached XP level 27. HP: 221/271 MP: 8/24
 91237 | Zot:5    | Gained mutation: You are very dopey. (Int -4) [mutagenic
                  | glow]
 91244 | Zot:5    | Gained mutation: You sometimes lose the ability to read
                  | scrolls when taking damage. [hidden defects]
 91244 | Zot:5    | Lost mutation: You have hidden genetic defects. [hidden
                  | defects expressed]
 91248 | Zot:5    | Lost mutation: You sometimes lose your temper in combat.
                  | [mutagenic glow]
 91249 | Zot:5    | Lost mutation: You are weak. (Str -2) [potion of mutation]
 91249 | Zot:5    | Lost mutation: Your magical capacity is very low. (-20% MP)
                  | [potion of mutation]
 91249 | Zot:5    | Lost mutation: You do not regenerate when monsters are
                  | visible. [potion of mutation]
 91249 | Zot:5    | Gained mutation: Your body sometimes deteriorates upon
                  | taking damage. [potion of mutation]
 91250 | Zot:5    | Lost mutation: You have large cloven feet. [potion of
                  | mutation]
 91250 | Zot:5    | Lost mutation: Your body sometimes deteriorates upon taking
                  | damage. [potion of mutation]
 91250 | Zot:5    | Gained mutation: You are strong-willed. (Will+) [potion of
                  | mutation]
 91250 | Zot:5    | Gained mutation: You have large cloven feet. [potion of
                  | mutation]
 91251 | Zot:5    | Lost mutation: You occasionally shout uncontrollably at
                  | your foes. [potion of mutation]
 91251 | Zot:5    | Lost mutation: You have a somewhat thin skeletal structure.
                  | (Dex +2, Stealth+) [potion of mutation]
 91251 | Zot:5    | Lost mutation: Your magical capacity is low. (-10% MP)
                  | [potion of mutation]
 91261 | Zot:5    | Lost mutation: You are very dopey. (Int -4) [mutagenic
                  | glow]
 91268 | Zot:5    | Got the Orb of Zot
 91582 | Depths:4 | Noticed Dalaasmisa the pandemonium lord
 91609 | Depths:3 | Killed Dalaasmisa the pandemonium lord
 91894 | D:8      | Killed Jeremiah
 91984 | D:4      | Reached skill level 27 in Fighting
 91984 | D:4      | Noticed Alaqaama the pandemonium lord
 92006 | D:4      | Killed Alaqaama the pandemonium lord
 92027 | D:4      | Noticed Ripoixty the pandemonium lord
 92033 | D:3      | Reached skill level 27 in Armour
 92223 | D:1      | Noticed Mumuig the pandemonium lord
 92252 | D:1      | Killed Mumuig the pandemonium lord
 92304 | D:$      | Escaped with the Orb!

Illustrated notes

Levels and vault maps discovered:
D:1:      saegor_arrival_simple_c, layout_rooms, grunt_decor_fettered,
          minmay_misc_feat_encased
D:2:      layout_basic, ebering_ecumenical_altar_rust, serial_shops,
          nicolae_shop_gibbet_a_chance
D:3:      layout_basic, grunt_temple_overflow_diamond, serial_aquarium,
          aquarium_bridge_square [aquarium_subvault_bridge,
          aquarium_subvault_wall, aquarium_subvault_window,
          aquarium_subvault_window], aquarium_bridge_square
          [aquarium_subvault_wall, aquarium_subvault_bridge,
          aquarium_subvault_bridge, aquarium_subvault_wall], aquarium_window_1,
          aquarium_window_corner, aquarium_view_2f, aquarium_balcony_3b,
          aquarium_pool_four, minmay_misc_feat_nine_boxes
D:4:      layout_gridville, hellmonk_ghost_happy_afterlife, solitary_fountain,
          uniq_pargi, uniq_pikel
D:5:      layout_basic, regret_index_xom_buried_treasure, serial_shops, shop,
          minmay_misc_feat_more_columns
D:6:      layout_gridville, corexii_hall_statues_u
D:7:      layout_loops_ring, temple_fountains, uniq_maggie
D:8:      layout_basic, nicolae_hepliaklqana_ecumenical_no_more, uniq_jeremiah,
          uniq_maurice
D:9:      layout_layer_cave, uniq_psyche
D:10:     layout_rooms, david_lair_generic, minmay_fractal_squares_5
D:11:     layout_layer_cave, minmay_orc_entry_guard_dogs, uniq_grum,
          uniq_gastronok
D:12:     layout_loops_ring, portal_ice_cave_entry_pillars_2,
          kennysheep_minor_cross, chequers_big_river, uniq_frances
D:13:     layout_long_grid, uniq_azrael
D:14:     minmay_the_grid_square_5x5_5x5_mashed
          [minmay_the_grid_square_5x5_almost_minimal,
          minmay_the_grid_square_5x5_n_small, minmay_the_grid_square_5x5_comb,
          minmay_the_grid_square_5x5_hourglass,
          minmay_the_grid_square_5x5_six_small,
          minmay_the_grid_square_5x5_beaten_path,
          minmay_the_grid_square_5x5_prize_snowflake,
          minmay_the_grid_square_5x5_moneybag,
          minmay_the_grid_square_5x5_prize_junk,
          minmay_the_grid_square_5x5_slash,
          minmay_the_grid_square_5x5_two_walls_a,
          minmay_the_grid_square_5x5_three,
          minmay_the_grid_square_5x5_prize_gold, minmay_the_grid_square_5x5_meh,
          minmay_the_grid_square_5x5_three_walls,
          minmay_the_grid_square_5x5_sharp_hourglass,
          minmay_the_grid_square_5x5_prize_open,
          minmay_the_grid_square_5x5_three_small,
          minmay_the_grid_square_5x5_prize_open, minmay_the_grid_square_5x5_six,
          minmay_the_grid_square_5x5_bracketed, minmay_the_grid_square_5x5_tie,
          minmay_the_grid_square_5x5_checkered, minmay_the_grid_square_5x5_c,
          minmay_the_grid_square_5x5_fancy_junction], layout_long_grid,
          erik_vaults_2, minmay_stone_trees_small, cheibrodos_worm_habitat,
          uniq_roxanne, uniq_kirke
D:15:     grunt_enter_depths_snipers, layout_basic, okawaru_gym_becter,
          nicolae_sextant
Temple:   hellmonk_temple_divided_pantheon
Lair:1:   layout_roguey, lemuel_fruit_tree, grunt_megastairs_1
Lair:2:   layout_hall_layers, nicolae_shoals_entry_roost,
          minmay_snake_entry_guardpost_large, serial_bayou_shore_b
Lair:3:   beast_lair_carwin_large_2, layout_chaotic_city, gauntlet_entry_generic
Lair:4:   layout_roguey
Lair:5:   gammafunk_lair_ancient_temple, layout_long_grid, slime_entry_1,
          st_stairs_3, chequers_serial_rivers_room_b
Shoals:1: layout_shoals, abandoned_shop, dpeg_stationary_puzzle, uniq_mlioglotl
Shoals:2: cheibrodos_shoals_baths, layout_shoals, uniq_ilsuiw
Shoals:3: layout_shoals
Shoals:4: shoals_end_grunt_ice, layout_shoals, ebering_ghost_xom
Snake:1:  layout_grid_maze, nicolae_snake_yet_another_twisty_hallway,
          nicolae_snake_gridmaze_entwining, serial_library_regret_index_turning,
          grunt_ministairs_12
Snake:2:  minmay_snake_river, layout_grid_maze, serial_shops,
          nicolae_shop_behind_doors, uniq_vashnia, uniq_aizul
Snake:3:  layout_honeycomb, serial_shops, nicolae_diamond_shop,
          nrook_guardian_serpent_ordinary
Snake:4:  grunt_snake_rune_spirals, layout_onion, special_room, serial_shops,
          bzr_entry_road, nicolae_shop_mannequins, nicolae_shop_back_alley_shop,
          shop
Orc:1:    layout_diamond_mine, gammafunk_ghost_smash
Orc:2:    pubby_orc_utopia
Elf:1:    layout_geoelf_diagonals, ebering_ghost_disaster_area,
          hangedman_elf_represent, uniq_nikola
Elf:2:    elven_hall_of_blades_hangedman_original [grunt_blade_entry_basic],
          layout_loops_cross, serial_aquarium, aquarium_bridge_square
          [aquarium_subvault_bridge, aquarium_subvault_wall,
          aquarium_subvault_balcony, aquarium_subvault_bridge],
          aquarium_window_2, aquarium_window_corner, aquarium_window_fake,
          aquarium_window_fake, aquarium_view_2c, aquarium_balcony_5b,
          aquarium_pool_1
Elf:3:    nooodl_elf_gasket, layout_gridlike, special_room [special_room_orc]
Vaults:1: nicolae_vaults_holding_cells, nicolae_vaults_house_1,
          ontoclasm_vaults_shuriken, v_pattern_1, v_misc_12,
          dpeg_vaults_monster_box, grunt_vaults_hallway_long, v_misc_16,
          nicolae_vaults_border_crossing, layout_vaults_big_room
Vaults:2: portal_desolation_entry_garden, ontoclasm_vaults_idyll,
          minmay_crypt_entry_vampire_xt, v_rooms_1,
          nicolae_vaults_enemy_cabinets, serial_library_hellmonk_semicircle,
          nicolae_vaults_mitosis, nicolae_vaults_closet_pinwheel_4,
          nicolae_vaults_tangram_1, nicolae_vaults_door_testing_chamber,
          v_rooms_4, vaults_mumra_hexcomb, nicolae_vaults_tangram_1,
          layout_vaults_omnibox
Vaults:3: gammafunk_ghost_fury_of_okawaru, nicolae_vaults_big_ls,
          nicolae_vaults_trapezoid_lopsided_4, vaults_mumra_chevron,
          nicolae_vaults_little_squares_5, nicolae_vaults_trapezoid_layered,
          nicolae_vaults_security_offices_1, layout_vaults_omnigrid, uniq_mara
Vaults:4: ontoclasm_vaults_gateway, v_misc_3, v_rooms_4, vaults_room_hallway,
          nicolae_vaults_turnstiles, vaults_room_stairs_pillars,
          vaults_room_pools, grunt_vaults_diagonal, hangedman_vaults_maws,
          nicolae_vaults_surprise_closet, nicolae_vaults_closet_pinwheel_1,
          vaults_dpeg_hooks, nicolae_vaults_house_3,
          nicolae_vaults_ring_of_whatevers, hangedman_vaults_stretched_pinwheel,
          nicolae_vaults_lightning_bolt, v_misc_16,
          nicolae_vaults_ring_of_whatevers, layout_vaults_maze_bifur,
          serial_shops, nicolae_shop_waterfront, enter_trove_3
Vaults:5
Depths:1: layout_twisted_cross, minmay_misc_feat_rows, hell_entry,
          fiery_altar_vehumet, minmay_shop_star
Depths:2: minmay_three_patterns, layout_cave_pools, hangedman_geh_valley,
          kennysheep_crisscross, rand_demon_pan_entry_7, serial_shops,
          nicolae_diamond_shop, uniq_bai_suzhen, uniq_josephina
Depths:3: vault_1, layout_gridville, abyss_entry, serial_rivers,
          chequers_serial_rivers_micro_a, chequers_serial_rivers_small_b,
          chequers_serial_rivers_micro_d, chequers_serial_rivers_small_b,
          chequers_serial_rivers_room_a, hell_entry, serial_sigils_hangedman_gut
Depths:4: grunt_zot_entry_hairpin, layout_gridlike, enter_ziggurat_c,
          serial_shops, nicolae_shop_back_alley_shop,
          nicolae_shop_just_a_little_nook, shop, shop, shop,
          serial_co_window_serial, co_window_paths_a, co_window_paths_a,
          co_window_paths_a, co_window_of_opportunity_a, co_window_paths_a,
          co_window_broadway_a, co_window_2corner, co_window_paths_c,
          co_window_unsneaky_path_b, co_window_corner_cb, co_window_paths_e,
          glass_columns_c, glass_columns_b, hell_entry, abyss_entry,
          uniq_margery, uniq_xtahua
Zot:1:    layout_basic, hangedman_elemental_corridor
Zot:2:    layout_gridville, regret_index_zotdec_carving_tricks,
          st_large_dragon_hoard_4
Zot:3:    layout_onion, regret_index_zotdec_silver_v_v_loose
Zot:4:    hangedman_zot_vaults_quadrants, layout_onion_interference
Zot:5:    layout_misc_corridors

Skill      XL: |  1  2  3  4  5  6  7  8  9 10 11 12 13 14 15 16 17 18 19 20 21 22 23 24 25 26 27 |
---------------+----------------------------------------------------------------------------------+-----
Axes           | 3 4 5 6 7 10 11 12 14 16 18 21 22 | 22.0
Shields        | 4 12 15 18 21 22 | 22.0
Fighting       | 4 6 9 10 13 15 16 18 20 22 23 25 26 27 | 27.0
Armour         | 4 6 8 10 13 15 16 17 18 20 22 23 25 26 27 | 27.0
Dodging        | 1 2 4 10 12 15 16 | 16.9
Invocations    | 4 8 9 10 12 | 12.0
Throwing       | 8 9 11 12 15 16 20 22 | 22.0

Action                     |  1- 3 |  4- 6 |  7- 9 | 10-12 | 13-15 | 16-18 | 19-21 | 22-24 | 25-27 || total
---------------------------+-------+-------+-------+-------+-------+-------+-------+-------+-------++-------
  Melee: War axe           |    47 |    55 |       |   354 |   624 |       |       |       |       ||  1080
         Headbutt          |     2 |    22 |    52 |   149 |   298 |   250 |   413 |   528 |   417 ||  2131
         Hand axe          |       |    80 |   277 |   382 |    63 |       |       |       |       ||   802
         Unarmed           |       |       |       |     4 |       |     3 |       |       |       ||     7
         Broad axe         |       |       |       |       |   531 |  1067 |  1375 |  1692 |  1335 ||  6000
  Throw: Dart              |       |       |       |       |    22 |       |       |       |       ||    22
         Javelin           |       |       |       |       |     3 |    19 |       |    41 |    19 ||    82
         Boomerang         |       |       |       |       |       |   142 |   134 |   219 |     2 ||   497
         Throwing net      |       |       |       |       |       |       |       |     7 |       ||     7
 Invoke: Heroism           |       |       |       |     2 |     5 |     4 |     2 |     6 |     3 ||    22
         Finesse           |       |       |       |     1 |     3 |     5 |     1 |     5 |     4 ||    19
         Receive Weapon    |       |       |       |       |     1 |       |       |       |       ||     1
         Receive Armour    |       |       |       |       |     1 |       |       |       |       ||     1
    Use: Scroll            |       |       |       |    12 |    17 |     9 |     4 |    15 |     3 ||    60
         Potion            |       |       |       |     1 |     6 |     2 |     3 |     1 |    10 ||    23
   Stab: Distracted        |       |       |       |     1 |     2 |       |       |       |     1 ||     4
         Held in net/web   |       |       |       |       |       |       |       |     4 |       ||     4
 Armour: Scale mail        |    50 |    94 |    84 |       |       |       |       |       |       ||   228
         Chain mail        |       |       |    73 |   532 |       |       |       |       |       ||   605
         Skin              |       |       |       |    13 |       |     1 |       |       |       ||    14
         Plate armour      |       |       |       |    41 |  1209 |   855 |   853 |   736 |       ||  3694
         Gold dragon scale |       |       |       |       |       |       |       |   478 |  1079 ||  1557
  Dodge: Dodged            |    30 |    73 |    76 |   246 |   422 |   277 |   254 |   428 |   489 ||  2295
  Block: Buckler           |    21 |    28 |    35 |   124 |   250 |    33 |       |       |       ||   491
         Reflection        |       |       |       |       |     1 |   106 |    95 |    41 |       ||   243
         Kite shield       |       |       |       |       |       |   810 |  1069 |  1095 |   943 ||  3917

Table legend: (Time is in decaauts)
 A = Elapsed time spent in this place.
 B = Non-inter-level travel time spent in this place.
 C = Inter-level travel time spent in this place.
 D = Time resting spent in this place.
 E = Time spent auto-exploring this place.
 F = Levels seen in this place.
 G = Mean time per level.
                   A        B        C        D        E       F      G
               +--------+--------+--------+--------+--------+-----+--------+
         Total |  90711 |  84805 |   5906 |  28179 |  40019 |  52 | 1744.4 |
       Dungeon |  24041 |  22257 |   1784 |   8623 |  10214 |  15 | 1602.7 |
        Temple |     40 |     31 |      9 |      0 |      0 |   1 |   40.0 |
          Lair |   7835 |   7251 |    584 |   1521 |   4444 |   5 | 1567.0 |
        Shoals |   7086 |   6814 |    272 |   3039 |   1931 |   4 | 1771.5 |
     Snake Pit |  11933 |  11153 |    780 |   5261 |   4107 |   4 | 2983.2 |
  Orcish Mines |   5602 |   5225 |    377 |   1913 |   2494 |   2 | 2801.0 |
   Elven Halls |   5066 |   4875 |    191 |   1060 |   2860 |   3 | 1688.7 |
        Vaults |  12496 |  11953 |    543 |   2879 |   6879 |   5 | 2499.2 |
        Depths |   6512 |   5488 |   1024 |    872 |   3236 |   4 | 1628.0 |
           Zot |   6962 |   6624 |    338 |   1393 |   3276 |   5 | 1392.4 |
         Abyss |    423 |    423 |      0 |    184 |     16 |   1 |  423.0 |
        Bazaar |     64 |     64 |      0 |      0 |     32 |   1 |   64.0 |
    Desolation |   2010 |   2010 |      0 |   1204 |    285 |   1 | 2010.0 |
      Gauntlet |    636 |    636 |      0 |    226 |    243 |   1 |  636.0 |
               +--------+--------+--------+--------+--------+-----+--------+

Top non-repeatable levels by time:
 Snake:4: 6003 daAuts
   Orc:2: 3924 daAuts
Vaults:2: 3327 daAuts
Vaults:3: 3195 daAuts
Shoals:4: 2780 daAuts
Vaults:1: 2730 daAuts
   Elf:3: 2607 daAuts
Depths:4: 2583 daAuts
    D:14: 2345 daAuts
    D:10: 2330 daAuts
    D:13: 2232 daAuts
Vaults:5: 2219 daAuts
    D:15: 2186 daAuts
     D:9: 2122 daAuts
  Lair:2: 2105 daAuts
